Blackhawks vs Predators
Created - 7 février 2014 at 19:04
Goals
|
| Blackhawks |
0 |
0 |
3 |
0 |
3 |
| Predators |
0 |
1 |
2 |
1 |
4 |
|
Shots
|
| Blackhawks |
10 |
8 |
11 |
2 |
31 |
| Predators |
8 |
6 |
13 |
1 |
28 |
|
1st period
No Goal
Penalties :
Mike Ribeiro (Nas) for Tripping (Minor) at 0:27, Steve McCarthy (Chi) for Tripping (Minor) at 3:10, Rene Bourque (Chi) for Tripping (Minor) at 15:42, Kurtis Foster (Nas) for Holding Stick (Minor) at 18:02
2nd period
1. Predators , Jean-Pierre Dumont 15 (Alexander Ovechkin, Robyn Regehr) at 11:02
Penalties :
Chris Gratton (Chi) for Slashing (Minor) at 1:21, Rene Bourque (Chi) for Hooking (Minor) at 6:03, Joe Thornton (Nas) for Hooking (Minor) at 15:16
3rd period
2. Blackhawks , Kris Versteeg 32 (Rene Bourque, Joe Sakic) at 1:39 (PP)
3. Predators , Mikael Samuelsson 7 (Alexander Edler, Ryan Mcdonagh) at 7:15
4. Blackhawks , Joe Sakic 32 (Stephane Robidas, Roberto Luongo) at 8:27
5. Predators , Ryan Mcdonagh 2 (Oleg Saprykin, Alexander Edler) at 15:47
6. Blackhawks , Rene Bourque 16 (Christian Ehrhoff, Kris Versteeg) at 19:26
Penalties :
Michael Grabner (Nas) for Slashing (Minor) at 1:32, Alexander Ovechkin (Nas) for Holding (Minor) at 10:58, Oleg Saprykin (Nas) for Hooking (Minor) at 15:54
Overtime #1
7. Predators , Oleg Saprykin 12 (Alexander Steen) at 2:37
Penalties :
No Penalty
Goalie Stats
Roberto Luongo (Chi), 24 saves from 28 shots - (0,857), OTL, 22-15-5, 62:27 minutes
Rick DiPietro (Nas), 28 saves from 31 shots - (0,903), W, 18-15-2, 62:37 minutes
Players Stats for Blackhawks
Player Name G A P +/- PIM S H SB GA TA FO MP PP MP PK MP
------------------------------------------------------------------------------------
Brad Ference 0 0 0 1 0 2 0 0 0 0 0/0 13:05 0:00 0:55
Chris Gratton 0 0 0 1 2 0 0 0 0 0 1/3 7:04 0:00 0:00
Christian Ehrhoff 0 1 1 -1 0 2 3 2 0 0 0/0 23:43 3:54 2:57
Colby Armstrong 0 0 0 -2 0 0 2 0 1 0 0/0 14:43 0:04 4:28
Daniel Carcillo 0 0 0 0 0 1 6 0 0 0 0/0 12:48 0:00 0:39
George Parros 0 0 0 0 0 2 1 0 0 0 0/0 14:43 0:03 2:32
Hnat Domenichelli 0 0 0 1 0 1 0 0 0 0 0/0 5:57 0:00 0:00
Joe Sakic 1 1 2 0 0 4 0 0 0 0 19/36 20:01 5:24 0:00
Jordan Staal 0 0 0 0 0 2 1 0 1 0 6/12 17:22 0:04 4:40
Kris Versteeg 1 1 2 0 0 7 1 1 0 0 1/1 21:46 5:25 1:01
Kristopher Letang 0 0 0 -1 0 0 0 0 1 0 0/0 26:33 6:08 3:28
Loui Eriksson 0 0 0 -2 0 0 1 0 0 0 1/1 14:00 4:34 0:00
Rene Bourque 1 1 2 -1 4 3 2 0 1 0 1/2 20:35 5:24 0:00
Scott Gomez 0 0 0 -3 0 3 2 2 0 0 3/8 17:36 4:34 2:32
Sergei Shirokov 0 0 0 1 0 0 0 0 0 0 0/0 10:40 4:34 0:00
Stephane Robidas 0 1 1 -3 0 3 0 0 1 1 0/0 24:35 6:08 0:00
Steve McCarthy 0 0 0 0 2 0 2 1 1 0 0/0 22:31 3:54 3:33
Wes O'Neill 0 0 0 0 0 1 2 0 0 0 0/0 14:46 0:00 4:59
Players Stats for Predators
Player Name G A P +/- PIM S H SB GA TA FO MP PP MP PK MP
------------------------------------------------------------------------------------
Alexander Edler 0 2 2 3 0 0 1 3 1 2 0/0 25:54 3:51 5:17
Alexander Ovechkin 0 1 1 0 2 2 0 0 0 0 0/1 23:06 4:03 4:19
Alexander Steen 0 1 1 1 0 3 2 0 0 0 0/0 18:01 3:49 1:28
Barret Jackman 0 0 0 -2 0 0 0 0 0 1 0/0 9:48 0:00 0:13
Jean-Pierre Dumont 1 0 1 0 0 7 3 0 0 0 0/1 16:59 3:49 0:00
Joe Thornton 0 0 0 0 2 1 3 1 0 0 9/17 21:50 3:53 3:44
Keith Tkachuk 0 0 0 -1 0 0 1 0 0 0 0/0 5:33 0:00 0:00
Kent Huskins 0 0 0 -1 0 1 3 0 0 0 0/0 11:08 0:00 3:19
Kurtis Foster 0 0 0 1 2 4 0 1 0 2 0/0 23:49 4:05 3:43
Mariusz Czerkawski 0 0 0 -1 0 0 1 0 0 0 0/0 5:55 0:10 0:00
Michael Grabner 0 0 0 0 2 0 3 1 0 0 0/0 17:15 3:48 0:00
Mikael Samuelsson 1 0 1 1 0 5 1 0 0 0 2/5 14:30 0:00 0:00
Mike Ribeiro 0 0 0 1 2 1 3 0 0 0 16/31 22:41 3:57 4:13
Nick Boynton 0 0 0 0 0 0 0 0 0 0 0/0 4:13 0:00 0:00
Oleg Saprykin 1 1 2 2 2 2 0 0 0 0 0/0 14:49 0:19 2:55
Rob Niedermayer 0 0 0 2 0 1 1 0 0 0 4/8 13:28 0:00 2:47
Robyn Regehr 0 1 1 -1 0 0 0 2 0 1 0/0 27:58 4:05 6:36
Ryan Mcdonagh 1 1 2 4 0 1 0 1 0 0 0/0 23:23 3:51 1:34
3 Stars
1 - Ryan Mcdonagh (Nas)
2 - Alexander Edler (Nas)
3 - Kris Versteeg (Chi)
Power Play
Blackhawks - 1 on 6 Attempt(s) - 16,67%
Predators - 0 on 4 Attempt(s) - 0,00%
Penalty Kill
Blackhawks - 4 on 4 Attempt(s) - 100,00%
- Score 0 goal in Penalty Kill
Predators - 5 on 6 Attempt(s) - 83,33%
- Score 0 goal in Penalty Kill
Official
Referees : Kozari Steve and Banfield David
Linesman : Thor Nelson and Brian Murphy
Game Notes
No Game Note
Finance
Level 1 -- Attendance: 5225 (87,08%) -- Ticket Income 454 575 $
Level 2 -- Attendance: 4958 (99,16%) -- Ticket Income 252 858 $
Level 3 -- Attendance: 1776 (88,80%) -- Ticket Income 55 056 $
Level 4 -- Attendance: 3233 (80,83%) -- Ticket Income 67 893 $
Luxury Box -- Attendance: 863 (86,30%) -- Ticket Income 145 847 $
Game was played at the Wildcat center
Total Attendance: 16055 (89,19%)
Total Ticket Income: 976 229 $
Other Income: 146 434 $
Total Income: 1 122 663 $
Blackhawks
5 vs 5 Forward
Center Left Wing Right Wing Time % Phy DF OF
1 Joe Sakic Kris Versteeg Rene Bourque 40 1 2 2
2 Scott Gomez Loui Eriksson Colby Armstrong 30 1 2 2
3 Jordan Staal Daniel Carcillo George Parros 20 2 2 1
4 Chris Gratton Hnat Domenichelli Sergei Shirokov 10 1 2 2
5 vs 5 Defense
Defense Defense Time % Phy DF OF
1 Stephane Robidas Christian Ehrhoff 40 1 2 2
2 Steve McCarthy Kristopher Letang 30 1 2 2
3 Brad Ference Wes O'Neill 20 1 2 2
4 Stephane Robidas Christian Ehrhoff 10 1 2 2
PowerPlay Forward
Center Left Wing Right Wing Time % Phy DF OF
1 Joe Sakic Kris Versteeg Rene Bourque 60 1 0 4
2 Scott Gomez Loui Eriksson Sergei Shirokov 40 1 0 4
PowerPlay Defense
Defense Defense Time % Phy DF OF
1 Stephane Robidas Kristopher Letang 60 1 1 3
2 Christian Ehrhoff Steve McCarthy 40 1 1 3
Penalty Kill 4 Players Forward
Center Wing Time % Phy DF OF
1 Jordan Staal Colby Armstrong 60 1 4 0
2 Scott Gomez George Parros 40 1 4 0
Penalty Kill 4 Players Defense
Defense Defense Time % Phy DF OF
1 Wes O'Neill Steve McCarthy 60 1 4 0
2 Christian Ehrhoff Kristopher Letang 40 1 4 0
Penalty Kill - 3 Players Forward
Forward Time % Phy DF OF
1 Joe Sakic 60 1 4 0
2 Colby Armstrong 40 1 4 0
Penalty Kill - 3 Players Defense
Defense Defense Time % Phy DF OF
1 Wes O'Neill Steve McCarthy 60 1 4 0
2 Kristopher Letang Brad Ference 40 1 4 0
4 vs 4 Forward
Center Wing Time % Phy DF OF
1 Joe Sakic Kris Versteeg 60 1 2 2
2 Scott Gomez Rene Bourque 40 1 2 2
4 vs 4 Defense
Defense Defense Time % Phy DF OF
1 Stephane Robidas Kristopher Letang 60 1 2 2
2 Brad Ference Steve McCarthy 40 1 2 2
Last Minutes Offensive
Center Left Wing Right Wing Defense Defense
Joe Sakic Kris Versteeg Rene Bourque Stephane Robidas Kristopher Letang
Last Minutes Defensive
Center Left Wing Right Wing Defense Defense
Joe Sakic Kris Versteeg Colby Armstrong Brad Ference Steve McCarthy
Goaltenders
Starting : Roberto Luongo
Backup : Jocelyn Thibault
Extra Forwards
Normal : Colby Armstrong, Jordan Staal, Sergei Shirokov - PP : Colby Armstrong, Jordan Staal - PK : Kris Versteeg
Extra Defensemen
Normal : Brad Ference, Kristopher Letang, Wes O'Neill - PP : Kristopher Letang - PK : Kristopher Letang, Steve McCarthy
Penalty Shots
Joe Sakic, Loui Eriksson, Kris Versteeg, Scott Gomez, Rene Bourque
Predators
5 vs 5 Forward
Center Left Wing Right Wing Time % Phy DF OF
1 Mike Ribeiro Alexander Ovechkin Jean-Pierre Dumont 35 1 2 2
2 Joe Thornton Alexander Steen Michael Grabner 35 1 2 2
3 Rob Niedermayer Oleg Saprykin Mikael Samuelsson 20 1 2 2
4 Mikael Samuelsson Keith Tkachuk Mariusz Czerkawski 10 1 2 2
5 vs 5 Defense
Defense Defense Time % Phy DF OF
1 Alexander Edler Ryan Mcdonagh 36 1 2 2
2 Kurtis Foster Robyn Regehr 34 1 2 2
3 Barret Jackman Kent Huskins 18 1 2 2
4 Nick Boynton Ryan Mcdonagh 12 1 2 2
PowerPlay Forward
Center Left Wing Right Wing Time % Phy DF OF
1 Mike Ribeiro Alexander Ovechkin Michael Grabner 50 1 2 2
2 Joe Thornton Alexander Steen Jean-Pierre Dumont 50 1 2 2
PowerPlay Defense
Defense Defense Time % Phy DF OF
1 Alexander Edler Ryan Mcdonagh 50 1 2 2
2 Kurtis Foster Robyn Regehr 50 1 2 2
Penalty Kill 4 Players Forward
Center Wing Time % Phy DF OF
1 Mike Ribeiro Alexander Ovechkin 50 1 2 2
2 Joe Thornton Oleg Saprykin 50 1 2 2
Penalty Kill 4 Players Defense
Defense Defense Time % Phy DF OF
1 Alexander Edler Robyn Regehr 50 1 2 2
2 Kurtis Foster Robyn Regehr 50 1 2 2
Penalty Kill - 3 Players Forward
Forward Time % Phy DF OF
1 Alexander Ovechkin 50 1 2 2
2 Joe Thornton 50 1 2 2
Penalty Kill - 3 Players Defense
Defense Defense Time % Phy DF OF
1 Alexander Edler Robyn Regehr 50 1 2 2
2 Kurtis Foster Robyn Regehr 50 1 2 2
4 vs 4 Forward
Center Wing Time % Phy DF OF
1 Mike Ribeiro Alexander Ovechkin 50 1 2 2
2 Joe Thornton Michael Grabner 50 1 2 2
4 vs 4 Defense
Defense Defense Time % Phy DF OF
1 Alexander Edler Robyn Regehr 50 1 2 2
2 Kurtis Foster Robyn Regehr 50 1 2 2
Last Minutes Offensive
Center Left Wing Right Wing Defense Defense
Joe Thornton Alexander Ovechkin Michael Grabner Alexander Edler Kurtis Foster
Last Minutes Defensive
Center Left Wing Right Wing Defense Defense
Joe Thornton Alexander Ovechkin Jean-Pierre Dumont Ryan Mcdonagh Robyn Regehr
Goaltenders
Starting : Rick DiPietro
Backup : Josh Tordjman
Extra Forwards
Normal : Alexander Steen, Oleg Saprykin, Rob Niedermayer - PP : Alexander Steen, Oleg Saprykin - PK : Rob Niedermayer
Extra Defensemen
Normal : Barret Jackman, Ryan Mcdonagh, Kent Huskins - PP : Barret Jackman - PK : Kent Huskins, Ryan Mcdonagh
Penalty Shots
Alexander Ovechkin, Joe Thornton, Mike Ribeiro, Michael Grabner, Alexander Steen
% Time on Ice - Blackhawks
Lines # - Real PCT - Wanted PCT - Time Play
Normal Forward
1 - 33% - 40% - 13:48
2 - 25% - 30% - 10:29
3 - 27% - 20% - 11:23
4 - 14% - 10% - 5:57
Normal Defense
1 - 41% - 40% - 17:16
2 - 35% - 30% - 14:33
3 - 23% - 20% - 9:26
4 - 1% - 10% - 0:22
PP Forward
1 - 54% - 60% - 5:28
2 - 46% - 40% - 4:34
PP Defense
1 - 61% - 60% - 6:08
2 - 39% - 40% - 3:54
PK Forward
1 - 68% - 60% - 5:24
2 - 32% - 40% - 2:32
PK Defense
1 - 67% - 60% - 5:19
2 - 33% - 40% - 2:37
PK3 Forward
1 - 0% - 60%
2 - 0% - 40%
PK3 Defense
1 - 0% - 60%
2 - 0% - 40%
44 Forward
1 - 75% - 60% - 1:58
2 - 25% - 40% - 0:39
44 Defense
1 - 59% - 60% - 1:33
2 - 41% - 40% - 1:04
Last Minute Offensive - 0:25
Last Minute Defensive - 0:00
Total
Forward - 62:37
Defense - 62:37
|
% Time on Ice - Predators
Lines # - Real PCT - Wanted PCT - Time Play
Normal Forward
1 - 31% - 35% - 12:45
2 - 32% - 35% - 13:19
3 - 24% - 20% - 9:48
4 - 13% - 10% - 5:33
Normal Defense
1 - 37% - 36% - 15:11
2 - 35% - 34% - 14:38
3 - 18% - 18% - 7:23
4 - 10% - 12% - 4:13
PP Forward
1 - 51% - 50% - 4:03
2 - 49% - 50% - 3:53
PP Defense
1 - 49% - 50% - 3:51
2 - 51% - 50% - 4:05
PK Forward
1 - 45% - 50% - 4:30
2 - 55% - 50% - 5:32
PK Defense
1 - 51% - 50% - 5:07
2 - 49% - 50% - 4:55
PK3 Forward
1 - 0% - 50%
2 - 0% - 50%
PK3 Defense
1 - 0% - 50%
2 - 0% - 50%
44 Forward
1 - 62% - 50% - 1:38
2 - 38% - 50% - 0:59
44 Defense
1 - 61% - 50% - 1:35
2 - 39% - 50% - 1:02
Last Minute Offensive - 0:00
Last Minute Defensive - 0:37
Total
Forward - 62:37
Defense - 62:37
|
Play by Play
1st period
0:01 of 1st period - Joe Sakic wins face-off versus Mike Ribeiro in neutral zone.
0:10 of 1st period - Snap shot by Rene Bourque.
0:10 of 1st period - Stopped by Rick DiPietro with a rebound.
0:12 of 1st period - Snap shot by Stephane Robidas.
0:12 of 1st period - Shot Blocked by Alexander Edler.
0:16 of 1st period - Slapshot by Rene Bourque.
0:16 of 1st period - Shot Misses the Net.
0:27 of 1st period - Minor Penalty to Mike Ribeiro for Tripping.
0:28 of 1st period - Kris Versteeg wins face-off versus Joe Thornton in Predators zone.
0:53 of 1st period - Kristopher Letang is hit by Rob Niedermayer and loses puck.
1:00 of 1st period - Slapshot by Stephane Robidas.
1:00 of 1st period - Stopped by Rick DiPietro without a rebound.
1:01 of 1st period - Joe Sakic wins face-off versus Rob Niedermayer in Predators zone.
1:38 of 1st period - Snap shot by Scott Gomez.
1:38 of 1st period - Shot Misses the Net.
2:09 of 1st period - Alexander Ovechkin is hit by Loui Eriksson and loses puck.
2:27 of 1st period - Penalty to Mike Ribeiro is over, Mike Ribeiro is back on ice.
2:48 of 1st period - Backhand shot by Alexander Edler.
2:48 of 1st period - Deflect By Mike Ribeiro.
2:48 of 1st period - Stopped by Roberto Luongo without a rebound.
2:49 of 1st period - Mikael Samuelsson wins face-off versus Scott Gomez in Blackhawks zone.
3:00 of 1st period - Wrist shot by Mikael Samuelsson.
3:00 of 1st period - Shot Blocked by Steve McCarthy.
3:02 of 1st period - Snap shot by Mikael Samuelsson.
3:02 of 1st period - Stopped by Roberto Luongo with a rebound.
3:10 of 1st period - Minor Penalty to Steve McCarthy for Tripping.
3:11 of 1st period - Jordan Staal wins face-off versus Mike Ribeiro in Blackhawks zone.
3:40 of 1st period - Slapshot by George Parros.
3:40 of 1st period - Stopped by Rick DiPietro with a rebound.
4:27 of 1st period - Robyn Regehr is hit by George Parros.
4:37 of 1st period - Kris Versteeg is hit by Jean-Pierre Dumont and loses puck.
5:10 of 1st period - Penalty to Steve McCarthy is over, Steve McCarthy is back on ice.
6:18 of 1st period - Ryan Mcdonagh is hit by Daniel Carcillo and loses puck.
7:09 of 1st period - Colby Armstrong is hit by Mikael Samuelsson and loses puck.
7:45 of 1st period - Off-side.
7:46 of 1st period - Jordan Staal wins face-off versus Mikael Samuelsson in neutral zone.
8:18 of 1st period - Snap shot by Alexander Ovechkin.
8:18 of 1st period - Shot Misses the Net.
8:43 of 1st period - Snap shot by Kris Versteeg.
8:43 of 1st period - Stopped by Rick DiPietro without a rebound.
8:44 of 1st period - Loui Eriksson wins face-off versus Mike Ribeiro in Predators zone.
9:13 of 1st period - Off-side.
9:14 of 1st period - Joe Sakic wins face-off versus Rob Niedermayer in neutral zone.
9:48 of 1st period - Snap shot by Scott Gomez.
9:48 of 1st period - Shot Misses the Net.
9:50 of 1st period - Slapshot by Colby Armstrong.
9:50 of 1st period - Shot Blocked by Alexander Edler.
9:52 of 1st period - Wrist shot by Wes O'Neill.
9:52 of 1st period - Deflect By Joe Thornton.
9:52 of 1st period - Stopped by Rick DiPietro with a rebound.
10:08 of 1st period - Snap shot by Sergei Shirokov.
10:08 of 1st period - Shot Misses the Net.
10:14 of 1st period - Snap shot by Jean-Pierre Dumont.
10:14 of 1st period - Stopped by Roberto Luongo without a rebound.
10:15 of 1st period - Mike Ribeiro wins face-off versus Joe Sakic in Blackhawks zone.
10:25 of 1st period - Snap shot by Alexander Ovechkin.
10:25 of 1st period - Stopped by Roberto Luongo with a rebound.
10:27 of 1st period - Slapshot by Alexander Ovechkin.
10:27 of 1st period - Shot Blocked by Christian Ehrhoff.
10:31 of 1st period - Snap shot by Jean-Pierre Dumont.
10:31 of 1st period - Stopped by Roberto Luongo without a rebound.
10:32 of 1st period - Scott Gomez wins face-off versus Joe Thornton in Blackhawks zone.
10:39 of 1st period - Michael Grabner is hit by Colby Armstrong and loses puck.
11:22 of 1st period - Wrist shot by Kristopher Letang.
11:22 of 1st period - Shot Blocked by Robyn Regehr.
11:38 of 1st period - Mikael Samuelsson is hit by Daniel Carcillo.
12:04 of 1st period - Robyn Regehr is hit by Daniel Carcillo and loses puck.
12:41 of 1st period - Wrist shot by George Parros.
12:41 of 1st period - Shot Misses the Net.
13:03 of 1st period - Backhand shot by Jordan Staal.
13:03 of 1st period - Shot Blocked by Robyn Regehr.
13:05 of 1st period - Snap shot by Kristopher Letang.
13:05 of 1st period - Deflect By George Parros.
13:05 of 1st period - Stopped by Rick DiPietro without a rebound.
13:06 of 1st period - Mike Ribeiro wins face-off versus Joe Sakic in Predators zone.
13:58 of 1st period - Wrist shot by Chris Gratton.
13:58 of 1st period - Shot Misses the Net.
14:00 of 1st period - Slapshot by Stephane Robidas.
14:00 of 1st period - Stopped by Rick DiPietro without a rebound.
14:01 of 1st period - Joe Sakic wins face-off versus Mike Ribeiro in Predators zone.
14:08 of 1st period - Snap shot by Kris Versteeg.
14:08 of 1st period - Stopped by Rick DiPietro with a rebound.
14:10 of 1st period - Snap shot by Christian Ehrhoff.
14:10 of 1st period - Deflect By Alexander Ovechkin.
14:10 of 1st period - Stopped by Rick DiPietro with a rebound.
15:00 of 1st period - Snap shot by Kris Versteeg.
15:00 of 1st period - Shot Misses the Net.
15:02 of 1st period - Slapshot by Brad Ference.
15:02 of 1st period - Stopped by Rick DiPietro without a rebound.
15:03 of 1st period - Joe Thornton wins face-off versus Joe Sakic in Predators zone.
15:32 of 1st period - Icing by Kris Versteeg.
15:33 of 1st period - Mike Ribeiro wins face-off versus Rene Bourque in Blackhawks zone.
15:40 of 1st period - Snap shot by Jean-Pierre Dumont.
15:40 of 1st period - Shot Misses the Net.
15:42 of 1st period - Minor Penalty to Rene Bourque for Tripping.
15:43 of 1st period - Joe Thornton wins face-off versus Jordan Staal in Blackhawks zone.
15:44 of 1st period - Wrist shot by Jean-Pierre Dumont.
15:44 of 1st period - Stopped by Roberto Luongo without a rebound.
15:45 of 1st period - Joe Thornton wins face-off versus Jordan Staal in Blackhawks zone.
15:46 of 1st period - Wrist shot by Jean-Pierre Dumont.
15:46 of 1st period - Shot Misses the Net.
15:48 of 1st period - Slapshot by Kurtis Foster.
15:48 of 1st period - Stopped by Roberto Luongo without a rebound.
15:49 of 1st period - Jordan Staal wins face-off versus Joe Thornton in Blackhawks zone.
15:49 of 1st period - Jordan Staal is hit by Joe Thornton.
16:00 of 1st period - Wrist shot by Joe Thornton.
16:00 of 1st period - Shot Misses the Net.
16:20 of 1st period - Slapshot by Mike Ribeiro.
16:20 of 1st period - Shot Misses the Net.
16:59 of 1st period - Off-side.
17:00 of 1st period - Mike Ribeiro wins face-off versus Scott Gomez in neutral zone.
17:03 of 1st period - Wrist shot by Alexander Edler.
17:03 of 1st period - Deflect By Alexander Ovechkin.
17:03 of 1st period - Shot Misses the Net.
17:03 of 1st period - Puck is out of play.
17:04 of 1st period - Mike Ribeiro wins face-off versus Scott Gomez in Blackhawks zone.
17:13 of 1st period - Slapshot by Alexander Ovechkin.
17:13 of 1st period - Stopped by Roberto Luongo without a rebound.
17:14 of 1st period - Jordan Staal wins face-off versus Joe Thornton in Blackhawks zone.
17:42 of 1st period - Penalty to Rene Bourque is over, Rene Bourque is back on ice.
18:02 of 1st period - Minor Penalty to Kurtis Foster for Holding Stick.
18:03 of 1st period - Joe Thornton wins face-off versus Joe Sakic in Predators zone.
19:19 of 1st period - Alexander Ovechkin is hit by Scott Gomez and loses puck.
Goals for this period are 0 for Blackhawks vs 0 for Predators.
Shots for this period are 10 for Blackhawks vs 8 for Predators.
2nd period
0:01 of 2nd period - Joe Sakic wins face-off versus Joe Thornton in neutral zone.
0:02 of 2nd period - Penalty to Kurtis Foster is over, Kurtis Foster is back on ice.
0:56 of 2nd period - Mikael Samuelsson is hit by Daniel Carcillo and loses puck.
1:11 of 2nd period - Stephane Robidas is hit by Kent Huskins and loses puck.
1:21 of 2nd period - Minor Penalty to Chris Gratton for Slashing.
1:22 of 2nd period - Mike Ribeiro wins face-off versus Jordan Staal in Blackhawks zone.
2:20 of 2nd period - Scott Gomez is hit by Jean-Pierre Dumont and loses puck.
3:21 of 2nd period - Penalty to Chris Gratton is over, Chris Gratton is back on ice.
3:30 of 2nd period - Snap shot by Scott Gomez.
3:30 of 2nd period - Stopped by Rick DiPietro with a rebound.
5:24 of 2nd period - Stephane Robidas is hit by Kent Huskins and loses puck.
5:37 of 2nd period - Snap shot by Kris Versteeg.
5:37 of 2nd period - Deflect By Joe Sakic.
5:37 of 2nd period - Stopped by Rick DiPietro without a rebound.
5:38 of 2nd period - Joe Sakic wins face-off versus Mikael Samuelsson in Predators zone.
5:41 of 2nd period - Snap shot by Kris Versteeg.
5:41 of 2nd period - Stopped by Rick DiPietro without a rebound.
5:42 of 2nd period - Joe Sakic wins face-off versus Mikael Samuelsson in Predators zone.
6:03 of 2nd period - Minor Penalty to Rene Bourque for Hooking.
6:04 of 2nd period - Joe Thornton wins face-off versus Jordan Staal in Blackhawks zone.
6:05 of 2nd period - Snap shot by Jean-Pierre Dumont.
6:05 of 2nd period - Stopped by Roberto Luongo without a rebound.
6:06 of 2nd period - Jordan Staal wins face-off versus Joe Thornton in Blackhawks zone.
6:19 of 2nd period - Snap shot by Jean-Pierre Dumont.
6:19 of 2nd period - Deflect By Joe Thornton.
6:19 of 2nd period - Stopped by Roberto Luongo with a rebound.
6:37 of 2nd period - Slapshot by Kurtis Foster.
6:37 of 2nd period - Shot Blocked by Scott Gomez.
6:39 of 2nd period - Slapshot by Robyn Regehr.
6:39 of 2nd period - Shot Blocked by Scott Gomez.
8:02 of 2nd period - Christian Ehrhoff is hit by Mariusz Czerkawski.
8:03 of 2nd period - Penalty to Rene Bourque is over, Rene Bourque is back on ice.
8:25 of 2nd period - Wrist shot by Jordan Staal.
8:25 of 2nd period - Shot Misses the Net.
8:27 of 2nd period - Slapshot by Brad Ference.
8:27 of 2nd period - Stopped by Rick DiPietro with a rebound.
8:33 of 2nd period - Robyn Regehr is hit by Rene Bourque and loses puck.
9:00 of 2nd period - Wrist shot by Mikael Samuelsson.
9:00 of 2nd period - Stopped by Roberto Luongo without a rebound.
9:01 of 2nd period - Scott Gomez wins face-off versus Joe Thornton in Blackhawks zone.
9:01 of 2nd period - Scott Gomez is hit by Michael Grabner.
9:12 of 2nd period - Kristopher Letang is hit by Alexander Steen and loses puck.
9:31 of 2nd period - Nick Boynton is hit by Steve McCarthy.
10:09 of 2nd period - Slapshot by Kent Huskins.
10:09 of 2nd period - Deflect By Rene Bourque.
10:09 of 2nd period - Stopped by Roberto Luongo with a rebound.
10:37 of 2nd period - Daniel Carcillo is hit by Joe Thornton.
10:38 of 2nd period - Icing by Daniel Carcillo.
10:39 of 2nd period - Joe Thornton wins face-off versus Chris Gratton in Blackhawks zone.
11:02 of 2nd period - Snap shot by Jean-Pierre Dumont.
11:02 of 2nd period - Goal by Jean-Pierre Dumont - Blackhawks : 0 - Predators : 1.
11:03 of 2nd period - Mike Ribeiro wins face-off versus Joe Sakic in neutral zone.
11:51 of 2nd period - Snap shot by Daniel Carcillo.
11:51 of 2nd period - Deflect By Jordan Staal.
11:51 of 2nd period - Stopped by Rick DiPietro without a rebound.
11:52 of 2nd period - Mikael Samuelsson wins face-off versus Jordan Staal in Predators zone.
13:06 of 2nd period - Snap shot by Jordan Staal.
13:06 of 2nd period - Shot Blocked by Kurtis Foster.
13:14 of 2nd period - Wrist shot by George Parros.
13:14 of 2nd period - Shot Misses the Net.
13:30 of 2nd period - Wrist shot by George Parros.
13:30 of 2nd period - Deflect By Daniel Carcillo.
13:30 of 2nd period - Stopped by Rick DiPietro with a rebound.
13:48 of 2nd period - Wrist shot by Mikael Samuelsson.
13:48 of 2nd period - Shot Misses the Net.
13:50 of 2nd period - Slapshot by Kurtis Foster.
13:50 of 2nd period - Stopped by Roberto Luongo without a rebound.
13:51 of 2nd period - Mike Ribeiro wins face-off versus Joe Sakic in Blackhawks zone.
14:25 of 2nd period - Kent Huskins is hit by Christian Ehrhoff and loses puck.
15:16 of 2nd period - Minor Penalty to Joe Thornton for Hooking.
15:17 of 2nd period - Mike Ribeiro wins face-off versus Joe Sakic in Predators zone.
15:25 of 2nd period - Snap shot by Stephane Robidas.
15:25 of 2nd period - Stopped by Rick DiPietro with a rebound.
15:33 of 2nd period - Wrist shot by Kris Versteeg.
15:33 of 2nd period - Deflect By Joe Sakic.
15:33 of 2nd period - Stopped by Rick DiPietro with a rebound.
15:53 of 2nd period - Mike Ribeiro is hit by Scott Gomez and loses puck.
16:54 of 2nd period - Joe Sakic is hit by Kent Huskins and loses puck.
17:16 of 2nd period - Penalty to Joe Thornton is over, Joe Thornton is back on ice.
17:30 of 2nd period - George Parros is hit by Keith Tkachuk and loses puck.
17:45 of 2nd period - Ryan Mcdonagh is hit by Wes O'Neill and loses puck.
19:28 of 2nd period - Jean-Pierre Dumont is hit by Christian Ehrhoff.
Goals for this period are 0 for Blackhawks vs 1 for Predators.
Shots for this period are 8 for Blackhawks vs 6 for Predators.
3rd period
0:01 of 3rd period - Joe Sakic wins face-off versus Mike Ribeiro in neutral zone.
0:14 of 3rd period - Snap shot by Kris Versteeg.
0:14 of 3rd period - Shot Blocked by Alexander Edler.
0:26 of 3rd period - Scott Gomez is hit by Alexander Edler and loses puck.
0:51 of 3rd period - Snap shot by George Parros.
0:51 of 3rd period - Shot Misses the Net.
0:53 of 3rd period - Snap shot by Daniel Carcillo.
0:53 of 3rd period - Deflect By George Parros.
0:53 of 3rd period - Shot Misses the Net.
0:53 of 3rd period - Puck is out of play.
0:54 of 3rd period - Mike Ribeiro wins face-off versus Jordan Staal in Predators zone.
0:59 of 3rd period - Snap shot by Jordan Staal.
0:59 of 3rd period - Stopped by Rick DiPietro without a rebound.
1:00 of 3rd period - Mike Ribeiro wins face-off versus Joe Sakic in Predators zone.
1:26 of 3rd period - Steve McCarthy is hit by Joe Thornton and loses puck.
1:32 of 3rd period - Minor Penalty to Michael Grabner for Slashing.
1:33 of 3rd period - Joe Sakic wins face-off versus Mike Ribeiro in Predators zone.
1:39 of 3rd period - Backhand shot by Kris Versteeg.
1:39 of 3rd period - Goal by Kris Versteeg - Blackhawks : 1 - Predators : 1.
1:40 of 3rd period - Joe Sakic wins face-off versus Mike Ribeiro in neutral zone.
1:54 of 3rd period - Slapshot by Jean-Pierre Dumont.
1:54 of 3rd period - Stopped by Roberto Luongo with a rebound.
1:56 of 3rd period - Wrist shot by Mike Ribeiro.
1:56 of 3rd period - Shot Misses the Net.
2:06 of 3rd period - Alexander Steen is hit by Colby Armstrong.
3:13 of 3rd period - Snap shot by Scott Gomez.
3:13 of 3rd period - Stopped by Rick DiPietro without a rebound.
3:14 of 3rd period - Joe Thornton wins face-off versus Scott Gomez in Predators zone.
3:27 of 3rd period - Wrist shot by Michael Grabner.
3:27 of 3rd period - Deflect By Alexander Steen.
3:27 of 3rd period - Stopped by Roberto Luongo without a rebound.
3:28 of 3rd period - Joe Sakic wins face-off versus Mike Ribeiro in Blackhawks zone.
4:23 of 3rd period - Slapshot by Chris Gratton.
4:23 of 3rd period - Shot Blocked by Joe Thornton.
4:26 of 3rd period - Icing by Robyn Regehr.
4:27 of 3rd period - Joe Sakic wins face-off versus Joe Thornton in Predators zone.
4:36 of 3rd period - Robyn Regehr is hit by Rene Bourque and loses puck.
4:54 of 3rd period - Robyn Regehr is hit by Daniel Carcillo and loses puck.
5:11 of 3rd period - Jordan Staal is hit by Michael Grabner and loses puck.
5:44 of 3rd period - Kurtis Foster is hit by Steve McCarthy and loses puck.
6:04 of 3rd period - Robyn Regehr is hit by Daniel Carcillo and loses puck.
6:19 of 3rd period - Snap shot by Alexander Steen.
6:19 of 3rd period - Shot Misses the Net.
6:21 of 3rd period - Slapshot by Alexander Steen.
6:21 of 3rd period - Stopped by Roberto Luongo with a rebound.
6:35 of 3rd period - Slapshot by Kurtis Foster.
6:35 of 3rd period - Stopped by Roberto Luongo with a rebound.
6:37 of 3rd period - Wrist shot by Kurtis Foster.
6:37 of 3rd period - Stopped by Roberto Luongo without a rebound.
6:38 of 3rd period - Joe Sakic wins face-off versus Alexander Ovechkin in Blackhawks zone.
6:47 of 3rd period - Wrist shot by Kris Versteeg.
6:47 of 3rd period - Shot Blocked by Ryan Mcdonagh.
7:13 of 3rd period - Wrist shot by Mikael Samuelsson.
7:13 of 3rd period - Stopped by Roberto Luongo with a rebound.
7:15 of 3rd period - Snap shot by Mikael Samuelsson.
7:15 of 3rd period - Goal by Mikael Samuelsson - Blackhawks : 1 - Predators : 2.
7:16 of 3rd period - Joe Sakic wins face-off versus Mike Ribeiro in neutral zone.
7:30 of 3rd period - Slapshot by Christian Ehrhoff.
7:30 of 3rd period - Stopped by Rick DiPietro without a rebound.
7:31 of 3rd period - Scott Gomez wins face-off versus Mike Ribeiro in Predators zone.
8:17 of 3rd period - Wrist shot by Jean-Pierre Dumont.
8:17 of 3rd period - Stopped by Roberto Luongo with a rebound.
8:27 of 3rd period - Slapshot by Joe Sakic.
8:27 of 3rd period - Goal by Joe Sakic - Blackhawks : 2 - Predators : 2.
8:28 of 3rd period - Joe Sakic wins face-off versus Jean-Pierre Dumont in neutral zone.
8:39 of 3rd period - Steve McCarthy is hit by Mike Ribeiro.
9:22 of 3rd period - Slapshot by Steve McCarthy.
9:22 of 3rd period - Deflect By Chris Gratton.
9:22 of 3rd period - Shot Blocked by Michael Grabner.
9:22 of 3rd period - Puck is out of play.
9:23 of 3rd period - Mike Ribeiro wins face-off versus Joe Sakic in Predators zone.
9:28 of 3rd period - Kris Versteeg is hit by Mike Ribeiro and loses puck.
9:35 of 3rd period - Ryan Mcdonagh is hit by Christian Ehrhoff and loses puck.
9:50 of 3rd period - Joe Thornton is hit by Jordan Staal and loses puck.
10:17 of 3rd period - Kurtis Foster is hit by Wes O'Neill and loses puck.
10:25 of 3rd period - Icing by Kurtis Foster.
10:26 of 3rd period - Rob Niedermayer wins face-off versus Joe Sakic in Predators zone.
10:26 of 3rd period - Rob Niedermayer is hit by Kris Versteeg.
10:36 of 3rd period - Snap shot by Kris Versteeg.
10:36 of 3rd period - Deflect By Joe Sakic.
10:36 of 3rd period - Stopped by Rick DiPietro without a rebound.
10:37 of 3rd period - Mike Ribeiro wins face-off versus Joe Sakic in Predators zone.
10:58 of 3rd period - Minor Penalty to Alexander Ovechkin for Holding.
10:59 of 3rd period - Joe Sakic wins face-off versus Mike Ribeiro in Predators zone.
12:51 of 3rd period - Icing by Scott Gomez.
12:52 of 3rd period - Rob Niedermayer wins face-off versus Scott Gomez in Blackhawks zone.
12:53 of 3rd period - Wrist shot by Alexander Steen.
12:53 of 3rd period - Stopped by Roberto Luongo without a rebound.
12:54 of 3rd period - Mike Ribeiro wins face-off versus Joe Sakic in Blackhawks zone.
12:58 of 3rd period - Penalty to Alexander Ovechkin is over, Alexander Ovechkin is back on ice.
13:13 of 3rd period - Snap shot by Hnat Domenichelli.
13:13 of 3rd period - Stopped by Rick DiPietro without a rebound.
13:14 of 3rd period - Joe Thornton wins face-off versus Chris Gratton in Predators zone.
13:51 of 3rd period - Slapshot by Alexander Ovechkin.
13:51 of 3rd period - Shot Blocked by Kris Versteeg.
14:43 of 3rd period - Snap shot by Mikael Samuelsson.
14:43 of 3rd period - Stopped by Roberto Luongo without a rebound.
14:44 of 3rd period - Chris Gratton wins face-off versus Mike Ribeiro in Blackhawks zone.
14:52 of 3rd period - Icing by Alexander Ovechkin.
14:53 of 3rd period - Joe Sakic wins face-off versus Mike Ribeiro in Predators zone.
14:54 of 3rd period - Snap shot by Rene Bourque.
14:54 of 3rd period - Stopped by Rick DiPietro with a rebound.
15:23 of 3rd period - Off-side.
15:24 of 3rd period - Rob Niedermayer wins face-off versus Joe Sakic in neutral zone.
15:33 of 3rd period - Snap shot by Rob Niedermayer.
15:33 of 3rd period - Stopped by Roberto Luongo without a rebound.
15:34 of 3rd period - Rob Niedermayer wins face-off versus Joe Sakic in Blackhawks zone.
15:41 of 3rd period - Snap shot by Oleg Saprykin.
15:41 of 3rd period - Stopped by Roberto Luongo with a rebound.
15:45 of 3rd period - Wrist shot by Oleg Saprykin.
15:45 of 3rd period - Shot Blocked by Christian Ehrhoff.
15:47 of 3rd period - Slapshot by Ryan Mcdonagh.
15:47 of 3rd period - Goal by Ryan Mcdonagh - Blackhawks : 2 - Predators : 3.
15:48 of 3rd period - Joe Sakic wins face-off versus Rob Niedermayer in neutral zone.
15:54 of 3rd period - Minor Penalty to Oleg Saprykin for Hooking.
15:55 of 3rd period - Rene Bourque wins face-off versus Mike Ribeiro in Predators zone.
15:56 of 3rd period - Wrist shot by Kris Versteeg.
15:56 of 3rd period - Stopped by Rick DiPietro without a rebound.
15:57 of 3rd period - Joe Sakic wins face-off versus Mike Ribeiro in Predators zone.
15:58 of 3rd period - Snap shot by Kris Versteeg.
15:58 of 3rd period - Stopped by Rick DiPietro with a rebound.
17:54 of 3rd period - Penalty to Oleg Saprykin is over, Oleg Saprykin is back on ice.
18:45 of 3rd period - Christian Ehrhoff is hit by Mike Ribeiro and loses puck.
19:08 of 3rd period - Kris Versteeg is hit by Jean-Pierre Dumont.
19:16 of 3rd period - Blackhawks, Roberto Luongo is pulled from the net.
19:22 of 3rd period - Slapshot by Kris Versteeg.
19:22 of 3rd period - Shot Misses the Net.
19:26 of 3rd period - Wrist shot by Rene Bourque.
19:26 of 3rd period - Goal by Rene Bourque - Blackhawks : 3 - Predators : 3.
19:26 of 3rd period - Roberto Luongo from Blackhawks was sent back in the game.
19:27 of 3rd period - Jordan Staal wins face-off versus Rob Niedermayer in neutral zone.
Goals for this period are 3 for Blackhawks vs 2 for Predators.
Shots for this period are 11 for Blackhawks vs 13 for Predators.
Overtime #1
0:01 of 1st overtime period - Mike Ribeiro wins face-off versus Joe Sakic in neutral zone.
0:07 of 1st overtime period - Off-side.
0:08 of 1st overtime period - Mike Ribeiro wins face-off versus Joe Sakic in neutral zone.
0:37 of 1st overtime period - Snap shot by Kris Versteeg.
0:37 of 1st overtime period - Stopped by Rick DiPietro without a rebound.
0:38 of 1st overtime period - Joe Thornton wins face-off versus Joe Sakic in Predators zone.
0:49 of 1st overtime period - Joe Sakic is hit by Michael Grabner and loses puck.
1:08 of 1st overtime period - Backhand shot by Scott Gomez.
1:08 of 1st overtime period - Stopped by Rick DiPietro with a rebound.
1:49 of 1st overtime period - Wrist shot by Jordan Staal.
1:49 of 1st overtime period - Shot Misses the Net.
2:32 of 1st overtime period - Scott Gomez is hit by Alexander Steen and loses puck.
2:37 of 1st overtime period - Snap shot by Oleg Saprykin.
2:37 of 1st overtime period - Goal by Oleg Saprykin - Blackhawks : 3 - Predators : 4.
Goals for this period are 0 for Blackhawks vs 1 for Predators.
Shots for this period are 2 for Blackhawks vs 1 for Predators.
Output by the SimonT Hockey Simulator (STHS) for François Prévost -- Original Page W3C XHTML 1.0 Valid